Map: Malwarfare

Players

monk

  • Race: Terran Terran
  • Spawn Location: 7:00

DrSeRRoD

  • Race: Terran Terran
  • Spawn Location: 7:00

VOD

Have the link to the VOD?

Description

Time

  • Played on: Oct. 3, 2017, 5:55 p.m.
  • Length: 24:49
Show
View Real Time Build Order
Export as new Build Order

monk Terran 

Build Orders:  

Get SALT Encoding   

  12  0:06  SCV  
  13  0:23  SCV  
  13  0:26  Supply Depot  
  15  0:40  SCV  
  15  0:59  SCV  
  16  1:00  Factory  
  16  1:16  SCV  
  17  1:33  SCV  
  17  1:35  Devastation Turret  
  19  1:50  SCV  
  19  2:06  Devastation Turret  
  19  2:07  SCV  
  20  2:16  Refinery  
  20  2:22  Refinery  
  20  2:23  SCV  
  21  2:31  Devastation Turret  
  21  2:43  SCV  
  23  3:02  SCV  
  23  3:10  Command Center  
  23  3:34  SCV  
  23  3:35  Refinery, SCV  
  23  3:37  Refinery  
  27  3:50  Factory Tech Reactor  
  27  3:51  SCV x2  
  27  4:08  SCV x2  
  29  4:20  Supply Depot  
  29  4:25  SCV x2  
  31  4:34  Factory Tech Reactor  
  33  4:42  SCV x2  
  33  4:46  Perdition Turret  
  33  4:51  Supply Depot  
  33  4:59  SCV x2  
  35  5:01  Siege Tank  
  35  5:07  Siege Tank  
  41  5:11  Perdition Turret  
  41  5:15  Supply Depot  
  41  5:16  SCV  
  42  5:25  SCV  
  42  5:27  Maelstrom Rounds  
  43  5:33  SCV  
  45  5:42  SCV  
  45  5:47  Supply Depot  
  45  5:50  Starport  
  45  5:56  SCV  
  45  5:59  SCV  
  47  6:00  Perdition Turret  
  47  6:01  Perdition Turret  
  47  6:05  Siege Tank  
  50  6:13  SCV  
  50  6:16  SCV  
  50  6:18  Siege Tank  
  55  6:25  Supply Depot  
  55  6:26  Perdition Turret  
  55  6:29  Perdition Turret  
  56  6:30  SCV  
  56  6:36  SCV  
  57  6:40  Starport Tech Reactor  
  57  6:47  SCV  
  58  6:51  Armory, Perdition Turret x2  
  58  6:53  SCV  
  58  6:58  Hercules  
  62  7:02  Perdition Turret  
  62  7:04  Science Vessel, SCV  
  62  7:08  Perdition Turret  
  66  7:10  SCV  
  67  7:21  SCV  
  67  7:25  Siege Tank  
  67  7:27  SCV  
  67  7:29  Siege Tank  
  74  7:44  Science Vessel  
  76  7:51  Upgrade Laser Drill Level 1  
  76  7:53  Terran Vehicle and Ship Weapons Level 1  
  76  8:01  Improved Nano-Repair  
  76  8:25  SCV  
  76  8:26  SCV  
  76  8:27  Supply Depot  
  76  8:29  Supply Depot  
  86  8:52  SCV x2  
  86  8:56  Supply Depot  
  86  9:09  SCV  
  87  9:11  Perdition Turret  
  87  9:18  Factory  
  81  9:24  SCV  
  81  9:35  Perdition Turret  
  81  9:38  Factory  
  80  9:41  SCV  
  80  9:54  SCV  
  80  9:55  Supply Depot  
  80  9:57  Supply Depot  
  81  10:02  Starport Tech Reactor  
  81  10:06  Factory Tech Reactor  
  81  10:09  Siege Tank x2  
  87  10:11  Factory  
  87  10:18  Perdition Turret  
  87  10:23  Perdition Turret  
  87  10:24  Perdition Turret  
  87  10:26  SCV  
  87  10:27  SCV  
  89  10:43  SCV  
  89  10:44  SCV, Siege Tank  
  89  10:45  Goliath x2  
  89  10:46  Factory Tech Reactor  
  89  10:49  Science Vessel, Hercules  
  100  10:51  Defensive Matrix, Siege Tank  
  100  10:53  Ares-Class Targeting System  
  100  10:58  Supply Depot  
  100  11:01  Supply Depot  
  100  11:03  Perdition Turret  
  100  11:04  Perdition Turret  
  99  11:11  Goliath  
  99  11:17  Goliath  
  103  11:21  Science Vessel  
  105  11:33  Goliath x2  
  109  11:52  Goliath  
  109  11:53  Multi-Lock Weapons System  
  109  11:56  Terran Vehicle and Ship Weapons Level 2, Goliath  
  109  11:58  SCV x2  
  115  12:00  Upgrade Laser Drill Level 2  
  115  12:03  Supply Depot  
  115  12:04  Supply Depot  
  115  12:05  Goliath  
  117  12:14  SCV  
  117  12:16  Goliath  
  120  12:24  Goliath  
  120  12:27  Supply Depot  
  120  12:28  Goliath  
  124  12:35  Supply Depot  
  124  12:39  Goliath  
  126  12:48  Goliath  
  128  12:56  Goliath  
  126  13:00  Supply Depot  
  126  13:02  Goliath  
  126  13:03  Supply Depot  
  123  13:23  Goliath x2  
  127  13:30  Goliath  
  127  13:34  Goliath  
  131  13:56  Goliath  
  131  13:59  Hercules  
  136  14:17  Goliath  
  136  14:18  Goliath x2  
  142  14:42  Devastation Turret  
  142  14:43  Devastation Turret  
  142  14:44  Siege Tank  
  142  14:47  Perdition Turret  
  142  14:48  Perdition Turret  
  142  14:49  Siege Tank  
  148  14:51  Perdition Turret  
  148  14:52  Perdition Turret  
  148  15:06  Supply Depot  
  148  15:12  Perdition Turret  
  148  15:13  Perdition Turret  
  148  15:15  Perdition Turret  
  148  15:18  Perdition Turret  
  148  15:28  Siege Tank x3  
  148  15:29  Siege Tank  
  160  15:55  Perdition Turret  
  160  15:56  Perdition Turret  
  160  15:57  Perdition Turret  
  160  16:04  Siege Tank x2  
  160  16:07  Perdition Turret  
  166  16:18  Perdition Turret  
  166  16:19  Perdition Turret x2  
  164  16:21  Perdition Turret x2, Siege Tank x2  
  164  16:23  Perdition Turret  
  164  16:24  Perdition Turret x2  
  164  16:25  Perdition Turret x2  
  168  16:32  Supply Depot  
  168  16:36  Perdition Turret x2  
  168  16:37  Perdition Turret  
  168  16:40  Siege Tank x2  
  174  16:57  Siege Tank  
  173  17:12  Siege Tank  
  173  17:15  Hercules  
  173  17:16  Siege Tank  
  182  17:39  Terran Vehicle and Ship Weapons Level 3  
  180  17:44  Armory  
  180  17:51  Goliath  
  110  18:10  Goliath, Siege Tank  
  179  18:16  Goliath  
  184  18:23  Goliath  
  184  18:36  Perdition Turret  
  178  18:42  Goliath  
  178  18:45  Goliath  
  178  18:48  Goliath, Siege Tank  
  184  18:58  Siege Tank  
  184  19:00  Goliath  
  186  19:14  Goliath  
  186  19:16  Perdition Turret  
  186  19:18  Siege Tank  
  182  19:21  Siege Tank  
  182  19:22  Goliath x2  
  189  19:32  Goliath  
  189  19:35  Perdition Turret  
  189  19:37  Regenerative Bio-Steel  
  194  19:46  Goliath  
  198  20:01  Siege Tank  
  198  20:13  Siege Tank  
  198  20:16  Goliath  
  198  20:24  Siege Tank x2  
  198  20:25  Goliath  
  198  20:28  Goliath  
  196  20:33  Devastation Turret  
  196  20:38  Siege Tank  
  196  20:39  Siege Tank  
  186  20:53  Goliath  
  186  20:54  Goliath  
  186  20:57  Goliath  
  185  21:02  Devastation Turret  
  185  21:03  Goliath  
  184  21:19  Terran Vehicle And Ship Armor Level 1  
  190  21:25  Goliath x2  
  190  21:29  Goliath  
  196  21:32  Devastation Turret, Siege Tank  
  196  21:35  Supply Depot  
  199  22:20  Siege Tank  
  197  23:00  Goliath  
  197  23:06  Devastation Turret  
  199  23:35  Devastation Turret  
  199  24:04  Devastation Turret  
  199  24:24  Devastation Turret  
  199  24:25  Devastation Turret  
Show
View Real Time Build Order
Export as new Build Order

DrSeRRoD Terran 

Build Orders:  

Get SALT Encoding   

  12  0:16  SCV  
Tags
 
Commander
RaynorSwann
Matchup
Co-op
Replay Pack
Co-op Speedrun
Add a new tag
Caveats
  • Supply blocks, unpowered buildings, or Contaminate may cause inaccurate times.
  • Supply counts are checked every 10 seconds.